 Dungeon Crawl Stone Soup version 0.18-a0-1702-gd20c6a5 (webtiles) character file.

2497402 azaza322 the Shatterer (level 27, 163/184 HPs)
             Began as a Gargoyle Fighter on Apr 5, 2016.
             Was the Champion of Okawaru.
             Escaped with the Orb
             ... and 4 runes on Apr 6, 2016!
             The game lasted 07:35:31 (65774 turns).

azaza322 the Shatterer (Gargoyle Fighter)          Turns: 65774, Time: 07:35:32

Health: 163/184    AC: 61    Str: 27    XL:     27
Magic:  34/35      EV: 22    Int:  6    God:    Okawaru [******]
Gold:   7301       SH: 25    Dex: 21    Spells: 0 memorised, 26 levels left

rFire  + . .     SeeInvis +     E - +5 flail "Hibaggos" {vamp, -Tele rF+ Dex+7 Stlth+}
rCold  + + +     Gourm    .     i - +8 orange crystal plate armour {Archmagi, Int+3 Clar SustAt}
rNeg   + + +     Faith    .     q - +5 shield {reflect}
rPois  ∞         Spirit   .     g - +2 hat {SInv}
rElec  +         Dismiss  +     M - +2 cloak {MR+}
rCorr  .         Reflect  +     b - +0 pair of gloves of the Solstice {rPois Regen+ Stlth+}
SustAt +         Harm     .     T - +0 pair of boots "Dojithrun" {+Blink rC+ rN+ Int-3}
MR     +++++     Clarity  +     S - amulet of Cekugob {Dismiss -Tele rElec rPois rN++ AC+1 EV+1}
Stlth  .......... NoTele   +    c - ring "Ruraphen" {rElec rC++ Dex+4 Stlth-}
                                a - ring of the Firefly {MR+ Slay+3}

@: heroism, finesse, very slightly contaminated, studying Long Blades, almost
entirely resistant to hostile enchantments, extremely unstealthy
A: big wings, horns 1, berserk 1, blurry vision 1, clarity, clumsy 1, deformed
body, deterioration 1, dopey 2, magic resistance 1, mutation resistance 1,
negative energy resistance 1, screaming 1, electricity resistance, weak 1,
unbreathing, petrification resistance, rot immunity, sturdy frame 1, AC +20
a: Fly, Heroism, Finesse, Renounce Religion, Evoke Blink
0: Orb of Zot
}: 4/15 runes: decaying, slimy, silver, gossamer


You escaped.
You worshipped Okawaru.
Okawaru was exalted by your worship.
You were not hungry.

You visited 12 branches of the dungeon, and saw 61 of its levels.
You also visited: Labyrinth and Ice Cave.

You collected 9643 gold pieces.
You spent 2342 gold pieces at shops.

Inventory:

Hand Weapons
 E - the +5 flail "Hibaggos" (weapon) {vamp, -Tele rF+ Dex+7 Stlth+}
   (Okawaru gifted it to you on level 7 of the Lair of Beasts)

   It inflicts no extra harm, but heals its wielder somewhat when it strikes a
   living foe.
   It affects your dexterity (+7).
   It protects you from fire.
   It prevents most forms of teleportation.
   It makes you more stealthy.
 R - a +4 eveningstar of crushing
Armour
 b - the +0 pair of gloves of the Solstice (worn) {rPois Regen+ Stlth+}
   (Okawaru gifted it to you on level 4 of the Swamp)

   It protects you from poison.
   It increases your rate of regeneration.
   It makes you more stealthy.
 g - a +2 hat of see invisible (worn)
 i - the +8 orange crystal plate armour (worn) {Archmagi, Int+3 Clar SustAt}
   (Okawaru gifted it to you on level 2 of the Orcish Mines)

   It affects your intelligence (+3).
   It sustains your strength, intelligence and dexterity.
   It protects you against confusion.
 q - a +5 shield of reflection (worn)
 v - the +7 scale mail "Icootz" {rF+ MR+ rCorr SInv}
   (Okawaru gifted it to you on level 4 of the Spider Nest)

   It protects you from fire.
   It affects your resistance to hostile enchantments.
   It lets you see invisible.
   It protects you from acid and corrosion.
 J - the +27 Lear's hauberk
   (You bought it in a shop on level 2 of the Orcish Mines)
 M - a +2 cloak of magic resistance (worn)
 T - the +0 pair of boots "Dojithrun" (worn) {+Blink rC+ rN+ Int-3}
   (You found it on level 3 of the Elven Halls)

   It affects your intelligence (-3).
   It protects you from cold.
   It protects you from negative energy.
   It lets you blink.
 Z - a +5 shield of protection
Jewellery
 a - the ring of the Firefly (left hand) {MR+ Slay+3}
   (You found it on level 6 of the Pits of Slime)

   [ring of protection from magic]

   It affects your accuracy and damage with ranged weapons and melee attacks
   (+3).
   It affects your resistance to hostile enchantments.
 c - the ring "Ruraphen" (right hand) {rElec rC++ Dex+4 Stlth-}
   (You found it on level 12 of the Dungeon)

   [ring of dexterity]

   It affects your dexterity (+4).
   It greatly protects you from cold.
   It insulates you from electricity.
   It makes you less stealthy.
 j - the ring of Incredulity {Wiz rC+ Dex+4 Stlth+}
   (You found it on level 5 of the Vaults)

   [ring of wizardry]

   It improves your spell success rate.
   It affects your dexterity (+4).
   It protects you from cold.
   It makes you more stealthy.
 y - an uncursed ring of resist corrosion
 S - the amulet of Cekugob (around neck) {Dismiss -Tele rElec rPois rN++ AC+1 EV+1}
   (You took it off a deep elf death mage on level 5 of the Vaults)

   [amulet of dismissal]

   It may teleport away creatures that harm you.
   It affects your AC (+1).
   It affects your evasion (+1).
   It insulates you from electricity.
   It protects you from poison.
   It greatly protects you from negative energy.
   It prevents most forms of teleportation.
Wands
 d - a wand of slowing (26/48)
 f - a wand of disintegration (9/24)
 o - a wand of digging (13/24)
 r - a wand of hasting (3/9)
 P - a wand of random effects (24/48)
Scrolls
 k - 26 scrolls of remove curse
 l - 4 scrolls of enchant armour
 m - 11 scrolls of recharging
 n - 4 scrolls of magic mapping
 t - 22 scrolls of teleportation
 A - 12 scrolls of blinking
 F - 13 scrolls of identify
 I - 3 scrolls of fear
 Q - a scroll of holy word
 U - 11 scrolls of fog
 V - 4 scrolls of amnesia
 W - 4 scrolls of silence
 Y - a scroll of enchant weapon
Potions
 e - 4 potions of berserk rage
 h - 6 potions of cure mutation
 p - a potion of magic
 s - 5 potions of resistance
 u - 11 potions of ambrosia
 x - 4 potions of agility
 z - 6 potions of invisibility
 C - 5 potions of heal wounds
 D - 3 potions of haste
 G - 5 potions of brilliance
 K - 2 potions of cancellation
 L - 16 potions of curing
 X - 6 potions of might
Books
 w - a manual of Long Blades
Miscellaneous
 H - 3 phantom mirrors
Comestibles
 B - a bread ration
 N - 22 meat rations
 O - 41 fruits


   Skills:
 + Level 22.0(27) Fighting
 + Level 26.2(27) Maces & Flails
 - Level 0.3(5.3) Throwing
 + Level 17.7(22.7) Armour
 * Level 14.5(19.5) Dodging
 - Level 10.5(15.5) Stealth
 - Level 22.0(27) Shields
 * Level 16.5 Invocations
 * Level 14.3 Evocations


You had 26 spell levels left.
You didn't know any spells.

Dungeon Overview and Level Annotations

Branches:
Dungeon (15/15)            Temple (1/1) D:5            Lair (8/8) D:10
  Swamp (4/4) Lair:3       Spider (4/4) Lair:4        Slime (6/6) Lair:8
    Orc (2/2) D:11            Elf (3/3) Orc:2        Vaults (5/5) D:13
  Crypt (3/3) Vaults:2     Depths (5/5) D:15            Zot (5/5) Depths:5
   Tomb: Crypt:3

Altars:
Ashenzari
Cheibriados
Dithmenos
Elyvilon
Fedhas
Gozag
Kikubaaqudgha
Makhleb
Nemelex Xobeh
Okawaru
Pakellas
Qazlal
Ru
Sif Muna
Trog
Vehumet
Xom
Yredelemnul
Zin
The Shining One
Beogh
Jiyva

Shops:
D:5 }   D:8 =   D:13 %   Orc:2 [[}:}   Vaults:2 ![

Portals:
Hell: Depths:1 Depths:2 Depths:3 Depths:4 Depths:5
Abyss: Depths:2 Depths:4
Pandemonium: Depths:3 Depths:5
Ziggurat: Depths:5
Trove: D:11 (give +8 demon trident)


Innate Abilities, Weirdness & Mutations

You are resistant to torment.
Your stone body is resilient (AC +20).
You are immune to poison.
Your large and strong wings let you fly indefinitely.
You resist negative energy.
You are resistant to electric shocks.
You can survive without breathing.
You are immune to petrification.
You are immune to rotting.
You have a pair of small horns on your head.
You tend to lose your temper in combat.
Scrolls take you a little longer to read.
You possess an exceptional clarity of mind.
You are clumsy. (Dex -2)
Armour fits poorly on your strangely shaped body.
Your body sometimes deteriorates upon taking damage.
You are very dopey. (Int -4)
You are resistant to hostile enchantments.
You are somewhat resistant to further mutation.
You occasionally shout uncontrollably at your foes.
You are weak. (Str -2)
Your movements are slightly less encumbered by armour (ER -2).


Message History

Okawaru accepts your kill.
There is an open door here.
You hit the sixfirhy. Your headbutt misses the sixfirhy.
The sixfirhy is lightly wounded.
You miss the sixfirhy. You headbutt the sixfirhy.
The sixfirhy is lightly wounded.
You sock the sixfirhy!
The sixfirhy is moderately wounded.
You thump the sixfirhy!
The sixfirhy is severely wounded.
You block the sixfirhy's attack. x2
You completely miss the sixfirhy.
The sixfirhy is severely wounded.
The sixfirhy hits you but does no damage.
You sock the sixfirhy!
You kill the sixfirhy!
Okawaru accepts your kill.
No target in view!
There is a staircase leading out of the dungeon here.
You have escaped!

......#.###.#####.#.#######.#.##.
........# #.# #.#+###.....#....
#####.### #.#####...........###..
......# #.................# ##.
#...##############..........#####
#................................
#....######...######...######...#
#....#....#...#....#...#....#...#
.....#....#...#.@..#...#....#...#
.....#....##'##....##'##....##'##
.....##'###...##'###...###'##...#
......#...'(..'....'...'....'...'
......##.##..##....##..##...##.##
....#..#.....##....#....##.##..#.
....##.##........#.......##..##..
....##..##....#......##.........#
........##..#.....###..##.......#


There were no monsters in sight!

Vanquished Creatures
  the Royal Jelly (Slime:6)
  3 ancient liches
  5 orbs of fire (Zot:5)
  4 juggernauts
  Boris (Depths:4)
  An iron giant (Depths:4)
  3 Killer Klowns (Zot:5)
  2 caustic shrikes
  Nikola (Elf:1)
  7 golden dragons
  Xtahua (Vaults:2)
  3 electric golems
  24 Orb Guardians
  Jorgrun (Swamp:2)
  A shard shrike zombie (Crypt:1)
  15 tentacled monstrosities
  7 liches
  A Hell Sentinel (D:1)
  A deep elf master archer (Elf:3)
  2 quicksilver dragons
  An Ice Fiend (IceCv)
  23 acid blobs
  2 deep elf blademasters (Elf:3)
  An Executioner (Depths:5)
  3 titans
  2 death cobs
  2 ancient champions
  4 thorn hunters
  4 sphinxes
  10 tengu reavers
  The ghost of Messiah the Executioner, an adept DsWn of Okawaru (Spider:1)
  7 shadow dragons
  7 storm dragons
  19 fire giants
  A greater naga (Vaults:2)
  11 azure jellies
  5 ghost moths
  4 deep elf sorcerers (Elf:3)
  13 frost giants
  Donald (Elf:2)
  7 draconian knights
  20 vault wardens
  An iron dragon (Vaults:5)
  6 ghouls
  3 deep elf elementalists
  2 draconian shifters
  An orc warlord (Vaults:3)
  4 emperor scorpions (Spider:4)
  4 spriggan defenders
  3 draconian scorchers
  2 draconian annihilators (Zot:3)
  54 very ugly things
  A draconian zealot (Zot:3)
  2 war gargoyles (Vaults:5)
  16 stone giants
  14 ironheart preservers
  A draconian caller (Zot:5)
  6 green draconians
  8 deep elf demonologists
  3 salamander stormcallers
  4 vampire knights
  9 black draconians
  8 deep elf annihilators
  10 white draconians
  5 purple draconians
  3 spark wasps
  12 yellow draconians
  4 mottled draconians
  7 red draconians
  21 ettins
  3 eidola
  A green death (Depths:3)
  A minotaur (Lab)
  5 deep elf high priests
  11 fire dragons
  3 jiangshi
  11 deep elf death magi
  9 death oozes
  A merfolk javelineer (Depths:2)
  46 vault guards
  25 yaktaur captains
  13 great orbs of eyes
  The ghost of 4thArraOfDagon the Cleaver, a journeyman HOBe of Trog (D:14)
  A rakshasa (Depths:2)
  A great orb of eyes (shapeshifter) (D:15)
  8 entropy weavers
  A monstrous demonspawn (Zot:5)
  21 ice dragons
  7 spriggan air magi
  26 hydras
  A ghost crab (shapeshifter) (Vaults:5)
  3 ghost crabs
  3 death knights
  A hell beast (Depths:5)
  9 centaur warriors
  12 ogre magi
  A queen ant (Lair:3)
  29 dancing weapons
  4 alligators
  An anaconda (shapeshifter) (Elf:3)
  9 deep troll shamans
  A death yak (shapeshifter) (D:15)
  An orc high priest (Elf:1)
  7 deep troll earth magi
  6 tengu warriors
  4 vampire magi
  4 death yaks (Lair:5)
  5 spriggan berserkers
  26 deep elf knights
  4 hell knights (Depths:3)
  3 shadow wraiths
  Nergalle (D:10)
  5 skeletal warriors
  A fire crab (shapeshifter) (Depths:2)
  3 iron trolls (Depths:3)
  A salamander mystic (Depths:1)
  5 small abominations
  3 large abominations (Depths:2)
  7 unseen horrors
  9 swamp dragons
  3 giant orange brains
  A sea snake (shapeshifter) (Vaults:4)
  27 deep trolls
  9 flayed ghosts
  2 spriggan druids (Depths:2)
  A harpy (shapeshifter) (Depths:4)
  11 harpies
  12 phantasmal warriors
  A tengu zombie (Vaults:3)
  Pikel (D:9)
  A lindwurm (shapeshifter) (Depths:3)
  15 deep elf archers
  15 ironbrand convokers
  11 hill giants
  15 orc knights
  3 shambling mangroves
  An orb spider (shapeshifter) (Elf:2)
  14 orb spiders
  6 griffons
  4 necromancers
  40 ugly things
  70 deep elf magi
  10 cyclopes
  A faun (shapeshifter) (Vaults:4)
  36 wolf spiders
  8 hornets
  2 wizards
  3 salamanders (Depths:1)
  A manticore (shapeshifter) (Vaults:5)
  5 shining eyes
  An orc sorcerer (Orc:2)
  A sixfirhy (D:1)
  12 moths of wrath
  A rust devil (Depths:5)
  6 elephants (Lair:7)
  An ice statue (IceCv)
  2 smoke demons
  17 vault sentinels
  4 eyes of devastation
  A shock serpent zombie (Crypt:2)
  2 torpor snails
  Psyche (D:10)
  3 orange demons
  8 black mambas
  A black mamba (shapeshifter) (Elf:1)
  A molten gargoyle (Depths:1)
  16 spiny frogs
  A storm dragon simulacrum (Vaults:2)
  A kobold demonologist (Vaults:3)
  2 rime drakes
  A white draconian zombie (Crypt:2)
  79 yaktaurs
  A yaktaur (shapeshifter) (D:15)
  7 komodo dragons
  12 freezing wraiths
  A golden dragon simulacrum (IceCv)
  10 ice devils
  4 tengu conjurers
  An efreet (D:15)
  14 demonic crawlers
  A pale draconian skeleton (Crypt:2)
  A swamp worm zombie (Swamp:2)
  3 anaconda simulacra (IceCv)
  3 hellwings
  A red devil (D:8)
  A wolf spider simulacrum (IceCv)
  A polar bear (Lair:8)
  22 two-headed ogres
  38 jumping spiders
  A sea snake skeleton (Crypt:1)
  16 trolls
  A merfolk (shapeshifter) (Vaults:2)
  A jumping spider (shapeshifter) (Depths:2)
  Grinder (D:3)
  A sphinx simulacrum (Vaults:1)
  15 giant leeches
  A jumping spider zombie (Crypt:2)
  An ettin zombie (Crypt:2)
  7 boulder beetles
  6 bog bodies
  An ettin skeleton (Vaults:3)
  A fire dragon skeleton (Crypt:1)
  16 blink frogs
  174 slime creatures
  4 air elementals
  5 flying skulls (Crypt:1)
  28 tarantellas
  4 shadows
  22 yaks
  2 wyverns
  A ynoxinul (Depths:3)
  A wyvern (shapeshifter) (Depths:3)
  9 wraiths
  A yak (shapeshifter) (D:14)
  100 redbacks
  33 spriggans
  A tarantella (shapeshifter) (Vaults:5)
  A vampire (D:14)
  An alligator skeleton (Crypt:2)
  3 fire elementals
  5 water elementals
  3 basilisks
  19 golden eyes
  A basilisk (shapeshifter) (Vaults:2)
  2 death yak simulacra (IceCv)
  5 chaos spawn
  10 hippogriffs
  6 hungry ghosts
  29 vampire mosquitoes
  2 neqoxecs
  4 wargs (Orc:2)
  Menkaure (D:5)
  A mottled dragon (Vaults:1)
  20 soldier ants (Lair:3)
  14 swamp worms
  6 insubstantial wisps (Swamp:3)
  5 iron troll simulacra (IceCv)
  2 harpy simulacra (IceCv)
  2 merfolk zombies
  3 hydra simulacra (IceCv)
  13 porcupines
  12 water moccasins
  8 eyes of draining
  38 orc warriors
  A black bear (Lair:2)
  7 ice beasts
  A sky beast (D:9)
  12 swamp drakes
  2 necrophages
  An ettin simulacrum (IceCv)
  An eye of draining (shapeshifter) (Depths:5)
  4 phantoms
  29 wolves
  7 wasps
  An anubis guard skeleton (Crypt:1)
  A wolf (shapeshifter) (Elf:2)
  2 boggarts (D:15)
  7 centaurs
  57 ogres
  A blink frog skeleton (Crypt:2)
  11 crocodiles
  An elf skeleton (Vaults:2)
  4 big kobolds
  A rime drake skeleton (Crypt:1)
  Blork the orc (D:6)
  24 giant frogs
  A gnoll sergeant (D:11)
  2 water moccasin zombies (Swamp:2)
  A hell hound skeleton (Crypt:1)
  3 scorpions
  A wyvern skeleton (D:14)
  18 killer bees
  3 howler monkeys
  11 wights
  An electric eel (Spider:1)
  A spriggan skeleton (Crypt:1)
  9 crimson imps
  A basilisk zombie (Crypt:1)
  4 draconian simulacra (IceCv)
  A human simulacrum (Vaults:2)
  2 giant frog zombies (D:12)
  2 quasits
  4 centaur zombies
  7 hounds
  24 orc wizards
  A black bear zombie (Crypt:2)
  Crazy Yiuf (D:7)
  6 centaur skeletons
  3 giant frog skeletons
  47 jellies
  29 orc priests
  A black bear skeleton (Crypt:2)
  7 iguanas
  6 hell rats (Lair:6)
  34 worker ants
  3 troll simulacra (IceCv)
  A spriggan simulacrum (IceCv)
  20 sheep
  A crocodile zombie (Swamp:2)
  A centaur simulacrum (IceCv)
  A hound zombie (D:11)
  2 worker ant zombies (D:10)
  9 gnolls
  2 naga simulacra (IceCv)
  12 adders
  An ogre simulacrum (IceCv)
  33 river rats
  4 shadow imps
  20 white imps
  A giant eyeball (shapeshifter) (D:15)
  4 ufetubi (IceCv)
  4 oozes
  An adder skeleton (D:4)
  3 adder zombies
  A sheep skeleton (Crypt:1)
  A worm (D:2)
  2 dart slugs
  3 giant geckos
  104 orcs
  4 giant cockroaches
  8 goblins
  4 hobgoblins
  15 jackals
  4 quokkas
  A ball python (D:1)
  8 bats
  6 giant newts
  2 jackal skeletons
  12 kobolds
  A quokka zombie (D:9)
  7 rats
  A briar patch (Swamp:4)
  2 bushes (Lair:7)
  2 crawling corpses (Elf:3)
  2 fungi (Lair:8)
2812 creatures vanquished.

Vanquished Creatures (collateral kills)
  4 wolves (Lair:4)
  7 river rats (Lair:4)
11 creatures vanquished.

Vanquished Creatures (others)
  2 liches
  A deep elf master archer (Elf:3)
  A tengu reaver (Depths:3)
  A storm dragon (Vaults:5)
  A deep elf elementalist (Vaults:4)
  A vampire knight (Vaults:2)
  2 yaktaur captains
  A hydra (Swamp:3)
  3 centaur warriors
  An alligator (Swamp:3)
  2 deep elf knights
  3 deep elf archers
  A swamp dragon (Swamp:4)
  2 deep elf magi
  A cyclops (Vaults:1)
  19 yaktaurs
  A jumping spider (Vaults:5)
  A redback (Vaults:5)
  3 water elementals
  A tarantella (Vaults:5)
  A vampire mosquito (Vaults:3)
  A swamp worm (Swamp:3)
  A swamp drake (Swamp:3)
  2 slaves (D:9)
  3 boggarts
  A wasp (Spider:4)
  An ogre (Vaults:5)
  2 kobolds (Vaults:3)
  6 briar patches
  2 crawling corpses
  12 fungi
  2 lost souls
  A macabre mass (Depths:3)
  10 plants
93 creatures vanquished.

Grand Total: 2916 creatures vanquished

Notes
Turn   | Place    | Note
--------------------------------------------------------------
     0 | D:1      | azaza322 the Gargoyle Fighter began the quest for the Orb.
     0 | D:1      | Reached XP level 1. HP: 14/14 MP: 1/1
   161 | D:1      | Reached XP level 2. HP: 18/19 MP: 2/2
   689 | D:2      | Reached XP level 3. HP: 24/24 MP: 3/3
   708 | D:2      | Found a faded altar to an unknown god.
   769 | D:2      | Reached skill level 1 in Dodging
   966 | D:2      | Reached XP level 4. HP: 29/29 MP: 4/4
  1054 | D:2      | Found a glowing golden altar of the Shining One.
  1112 | D:2      | Found a burning altar of Makhleb.
  1114 | D:2      | Found a glowing silver altar of Zin.
  1114 | D:2      | Noticed an angel
  1115 | D:2      | Noticed a green death
  1303 | D:3      | Noticed Grinder
  1315 | D:3      | Killed Grinder
  1315 | D:3      | Reached skill level 3 in Maces & Flails
  1315 | D:3      | Reached XP level 5. HP: 23/34 MP: 5/5
  1315 | D:3      | Reached XP level 6. HP: 27/39 MP: 6/6
  1374 | D:3      | Found a snail-covered altar of Cheibriados.
  1988 | D:3      | Reached skill level 5 in Shields
  2096 | D:4      | Reached XP level 7. HP: 31/44 MP: 7/7
  2644 | D:5      | Entered Level 5 of the Dungeon
  2652 | D:5      | Found a staircase to the Ecumenical Temple.
  2659 | D:5      | Reached skill level 4 in Maces & Flails
  2659 | D:5      | Reached skill level 5 in Armour
  2666 | Temple   | Entered the Ecumenical Temple
  2676 | Temple   | Became a worshipper of Xom the Capricious
  2710 | D:5      | Found a stormy altar of Qazlal.
  2755 | D:5      | Reached skill level 5 in Fighting
  2774 | D:5      | Found an oddly glowing altar of Pakellas.
  2774 | D:5      | Found Pakellas's Prime Provisions.
  2817 | D:5      | Found a deep blue altar of Sif Muna.
  2847 | D:5      | Noticed Menkaure
  2858 | D:5      | Killed Menkaure
  2872 | D:5      | Reached XP level 8. HP: 30/49 MP: 8/8
  2931 | D:5      | Found a blossoming altar of Fedhas.
  2960 | D:5      | Reached skill level 5 in Maces & Flails
  3104 | D:5      | XOM: cast spell 'Summon Small Mammal'
  3109 | D:5      | XOM: divination: magic mapping
  3163 | D:5      | XOM: fake destruction
  3205 | D:5      | XOM: cast spell 'Ring of Flames'
  3307 | D:5      | XOM: blink monster(s)
  3506 | D:6      | XOM: potion effect (brilliance)
  3511 | D:6      | Reached XP level 9. HP: 35/55 MP: 9/9
  3516 | D:6      | Reached skill level 6 in Maces & Flails
  3522 | D:6      | Found an iron altar of Okawaru.
  3614 | D:6      | Fell from the grace of Xom
  3614 | D:6      | Became a worshipper of Warmaster Okawaru
  3743 | D:6      | Found a sacrificial altar of Ru.
  4165 | D:7      | XOM: vitrification
  4168 | D:7      | Noticed Crazy Yiuf
  4175 | D:7      | Killed Crazy Yiuf
  4195 | D:7      | XOM: 2-stop teleportation journey
  4215 | D:7      | XOM: fog
  4676 | D:7      | Reached * piety under Okawaru
  4676 | D:7      | Reached skill level 7 in Maces & Flails
  4738 | D:7      | XOM: draining
  4883 | D:7      | XOM: summons 2 hostile demons
  4999 | D:7      | XOM: medium Divn miscast
  5011 | D:7      | XOM: give mutations
  5011 | D:7      | Gained mutation: You are clumsy. (Dex -2) [Xom's mischief]
  5011 | D:7      | Gained mutation: You occasionally shout uncontrollably at your foes. [Xom's mischief]
  5011 | D:7      | Gained mutation: You have a pair of small horns on your head. [Xom's mischief]
  5338 | D:8      | Found Jontecof's Jewellery Boutique.
  5567 | D:8      | Reached XP level 10. HP: 49/63 MP: 10/10
  5975 | D:8      | XOM: cast spell 'Disjunction'
  6178 | D:8      | XOM: confusion
  6212 | D:8      | Reached skill level 8 in Maces & Flails
  6550 | D:9      | Reached ** piety under Okawaru
  6553 | D:9      | XOM: mild Fire miscast
  6598 | D:9      | Reached skill level 10 in Shields
  6619 | D:10     | Entered Level 10 of the Dungeon
  6945 | D:9      | Got a translucent scale mail
  6949 | D:9      | XOM: give mutations
  6949 | D:9      | Gained mutation: You are dopey. (Int -2) [Xom's mischief]
  6949 | D:9      | Gained mutation: Your movements are slightly less encumbered by armour (ER -2). [Xom's mischief]
  6959 | D:9      | Identified the +5 scale mail of Pride {Str+2 Dex+4} (You took it off a wight on level 9 of the Dungeon)
  7022 | D:9      | XOM: scenery: 1 doors open
  7205 | D:9      | XOM: enchant monster (bad)
  7214 | D:9      | Reached *** piety under Okawaru
  7294 | D:9      | XOM: noise
  7369 | D:9      | XOM: summons 4 hostile demons
  7460 | D:9      | Noticed Pikel
  7463 | D:9      | Reached XP level 11. HP: 64/68 MP: 10/11
  7473 | D:9      | Killed Pikel
  7473 | D:9      | Reached skill level 9 in Maces & Flails
  7549 | D:9      | XOM: harmless Necr miscast
  7566 | D:9      | Reached **** piety under Okawaru
  7818 | D:10     | Noticed a hill giant
  7837 | D:10     | Killed a hill giant
  8070 | D:10     | XOM: mild Air miscast
  8107 | D:10     | Noticed Nergalle
  8159 | D:10     | Killed Nergalle
  8159 | D:10     | Reached ***** piety under Okawaru
  8235 | D:10     | Received a gift from Okawaru
  8397 | D:10     | XOM: give mutation
  8397 | D:10     | Gained mutation: You are resistant to hostile enchantments. [Xom's mischief]
  8405 | D:10     | Noticed Psyche
  8417 | D:10     | Killed Psyche
  8664 | D:10     | Noticed a hill giant
  8671 | D:10     | Killed a hill giant
  8721 | D:10     | Noticed a tengu warrior
  8733 | D:10     | Reached skill level 10 in Maces & Flails
  8767 | D:10     | Killed a tengu warrior
  8774 | D:10     | Got a fine chain mail
  8785 | D:10     | Identified the +2 chain mail of Marbles {Regen+} (You found it on level 10 of the Dungeon)
  8888 | D:10     | Found a staircase to the Lair.
  8930 | D:11     | Noticed a cyclops
  8941 | D:11     | Killed a cyclops
  9040 | D:11     | Found a portal to a secret trove of treasure.
  9134 | D:11     | Noticed an eight-headed hydra
  9143 | D:11     | Killed an eight-headed hydra
  9143 | D:11     | Reached XP level 12. HP: 52/76 MP: 8/12
  9549 | D:11     | Found a staircase to the Orcish Mines.
  9632 | D:11     | XOM: summons 2 hostile demons
  9686 | D:11     | Reached ****** piety under Okawaru
  9686 | D:11     | Received a gift from Okawaru
 10236 | D:12     | Got a crude amber ring
 10248 | D:12     | Identified the ring "Ruraphen" {rElec rC++ Dex+4 Stlth-} (You found it on level 12 of the Dungeon)
 10454 | D:12     | XOM: stat loss: -2 Dex (14/16)
 10454 | D:12     | Was forgiven by Xom
 10521 | D:12     | Reached skill level 11 in Maces & Flails
 10753 | D:13     | Noticed a death knight
 10781 | D:13     | Killed a death knight
 11000 | D:13     | Found Miosomo's Food Emporium.
 11095 | D:13     | Reached XP level 13. HP: 82/82 MP: 13/13
 11228 | D:13     | Reached skill level 1 in Stealth
 11385 | D:13     | Noticed a vault guard
 11385 | D:13     | Noticed a vault guard
 11386 | D:13     | Noticed a vault guard
 11537 | D:14     | Reached skill level 5 in Dodging
 11563 | D:14     | Reached skill level 10 in Fighting
 11812 | D:14     | Found a stormy altar of Qazlal.
 11831 | D:14     | Noticed 4thArraOfDagon's ghost (journeyman HOBe)
 11852 | D:14     | Received a gift from Okawaru
 11880 | D:14     | Killed 4thArraOfDagon's ghost
 11960 | D:14     | Gained mutation: You possess an exceptional clarity of mind. [mutagenic meat]
 11961 | D:14     | Gained mutation: You are somewhat resistant to further mutation. [mutagenic meat]
 12201 | D:13     | Noticed a vault guard
 12229 | D:13     | Noticed a vault guard
 12232 | D:13     | Noticed a vault guard
 12351 | D:12     | Killed a vault guard
 12378 | D:12     | Upgraded the game from 0.18-a0-1692-g516f9e9 to 0.18-a0-1702-gd20c6a5
 12490 | Orc:1    | Entered Level 1 of the Orcish Mines
 12684 | Orc:2    | Entered Level 2 of the Orcish Mines
 12782 | Orc:2    | Found a roughly hewn altar of Beogh.
 12800 | Orc:2    | Found Hienniom's Antique Armour Boutique.
 12842 | Orc:2    | Reached skill level 12 in Maces & Flails
 12862 | Orc:2    | Reached skill level 10 in Armour
 12953 | Orc:2    | Found a staircase to the Elven Halls.
 12973 | Orc:2    | Found Pulorch's Gadget Boutique.
 13031 | Orc:2    | Received a gift from Okawaru
 13148 | Orc:2    | Found Peudghoe's Book Shoppe.
 13167 | Orc:2    | Found Neeshaer's Armour Shop.
 13259 | Orc:2    | Found Piquestru's Quality Used Wands.
 13322 | Orc:2    | Gained mutation: Your large and strong wings let you fly indefinitely. [Gargoyle growth]
 13322 | Orc:2    | Reached XP level 14. HP: 88/88 MP: 14/14
 14299 | Orc:1    | Reached skill level 15 in Shields
 14560 | Elf:1    | Entered Level 1 of the Elven Halls
 14801 | Lair:1   | Entered Level 1 of the Lair of Beasts
 15865 | Lair:2   | Reached skill level 13 in Maces & Flails
 16119 | Lair:2   | Found a bloodstained altar of Trog.
 16304 | Lair:2   | Received a gift from Okawaru
 16307 | Lair:2   | Got a jewelled scale mail {god gift}
 16318 | Lair:2   | Identified the +9 scale mail of Levity {+Blink MR+ Str+2} (Okawaru gifted it to you on level 2 of the Lair of Beasts)
 16656 | Lair:3   | Found a staircase to the Swamp.
 17502 | Lair:4   | Found a labyrinth entrance.
 17523 | Lab      | Entered a labyrinth
 17841 | Lair:4   | Found a hole to the Spider Nest.
 18907 | Lair:5   | Received a gift from Okawaru
 19332 | Lair:6   | Reached XP level 15. HP: 95/95 MP: 15/15
 19832 | Lair:6   | Reached skill level 14 in Maces & Flails
 20252 | Lair:7   | Received a gift from Okawaru
 20300 | Lair:7   | Got a polished flail {god gift}
 20321 | Lair:7   | Identified the +5 flail "Hibaggos" {vamp, -Tele rF+ Dex+7 Stlth+} (Okawaru gifted it to you on level 7 of the Lair of Beasts)
 20964 | Lair:7   | You fall through a shaft!
 20964 | Lair:8   | Entered Level 8 of the Lair of Beasts
 21673 | Lair:8   | Found a runed door.
 21673 | Lair:8   | Found a viscous altar of Jiyva.
 21673 | Lair:8   | Found a staircase to the Slime Pits.
 21988 | Lair:5   | Received a gift from Okawaru
 22057 | Swamp:1  | Entered Level 1 of the Swamp
 22263 | Swamp:1  | Received a gift from Okawaru
 22266 | Swamp:1  | Got a scorched plate armour {god gift}
 22277 | Swamp:1  | Identified the +1 plate armour of Circular Logic {rCorr} (Okawaru gifted it to you on level 1 of the Swamp)
 22943 | Swamp:2  | Found a basalt altar of Yredelemnul.
 22944 | Swamp:2  | Noticed Jorgrun
 22964 | Swamp:2  | Killed Jorgrun
 23024 | Swamp:2  | Reached XP level 16. HP: 101/101 MP: 16/16
 23728 | Swamp:3  | Reached skill level 15 in Maces & Flails
 24288 | Swamp:3  | Noticed a thorn hunter
 24318 | Swamp:3  | Killed a thorn hunter
 24457 | Swamp:4  | Entered Level 4 of the Swamp
 24739 | Swamp:4  | Noticed a thorn hunter
 24776 | Swamp:4  | Killed a thorn hunter
 24879 | Swamp:4  | Received a gift from Okawaru
 24882 | Swamp:4  | Got a pair of pitted gloves {god gift}
 24893 | Swamp:4  | Identified the +0 pair of gloves of the Solstice {rPois Regen+ Stlth+} (Okawaru gifted it to you on level 4 of the Swamp)
 25033 | Swamp:4  | Noticed a thorn hunter
 25056 | Swamp:4  | Killed a thorn hunter
 25330 | Swamp:4  | Noticed a thorn hunter
 25346 | Swamp:4  | Killed a thorn hunter
 25460 | Swamp:4  | Got a decaying rune of Zot
 25699 | Swamp:4  | Reached XP level 17. HP: 108/108 MP: 17/17
 26435 | Elf:1    | Received a gift from Okawaru
 26483 | Elf:1    | Got a pair of heavily runed gloves {god gift}
 26494 | Elf:1    | Identified the +3 pair of gloves of Truth {rC+} (Okawaru gifted it to you on level 1 of the Elven Halls)
 26631 | Elf:1    | Reached skill level 16 in Maces & Flails
 26821 | Elf:1    | Found a deep blue altar of Sif Muna.
 27015 | Elf:1    | Noticed Nikola
 27039 | Elf:1    | Killed Nikola
 27706 | Elf:2    | Found a runed gate.
 27706 | Elf:2    | Found a runed gate.
 27706 | Elf:2    | Found a runed gate.
 27877 | Elf:2    | Noticed Donald
 27919 | Elf:2    | Killed Donald
 28029 | Elf:2    | Received a gift from Okawaru
 28041 | Elf:2    | Reached XP level 18. HP: 101/116 MP: 18/18
 28097 | Elf:2    | Received a gift from Okawaru
 28408 | Elf:3    | Entered Level 3 of the Elven Halls
 29157 | Elf:3    | Received a gift from Okawaru
 29163 | Elf:3    | Got a brightly glowing ring mail {god gift}
 29174 | Elf:3    | Identified the +1 ring mail "Leiw" {rPois Str+4} (Okawaru gifted it to you on level 3 of the Elven Halls)
 29298 | Elf:3    | Reached skill level 17 in Maces & Flails
 29298 | Elf:3    | Reached skill level 5 in Stealth
 29447 | Elf:3    | Noticed a deep elf blademaster
 29452 | Elf:3    | Identified a scroll of acquirement
 29475 | Elf:3    | Killed a deep elf blademaster
 29481 | Elf:3    | Noticed a Hell Sentinel
 29488 | Elf:3    | Noticed a Hell Sentinel
 29520 | Elf:3    | Killed a ghostly deep elf blademaster
 29558 | Elf:3    | HP: 2/116 [deep elf annihilator/crystal spear (77)]
 29686 | Elf:3    | Noticed a deep elf master archer
 29694 | Elf:3    | Killed a deep elf master archer
 29696 | Elf:3    | Got a smoking wooden ring
 29712 | Elf:3    | Identified the Grimoire of Orientation and Weightlessness
 29891 | Elf:3    | Noticed a deep elf blademaster
 29893 | Elf:3    | Noticed a deep elf master archer
 29915 | Elf:3    | Killed a deep elf blademaster
 29931 | Elf:3    | Killed a deep elf master archer
 29943 | Elf:3    | Killed a ghostly deep elf master archer
 29955 | Elf:3    | Reached XP level 19. HP: 41/122 MP: 19/19
 30094 | Elf:3    | Identified the ring "Riseshot" {rElec rN+} (You found it on level 3 of the Elven Halls)
 30467 | Spider:1 | Entered Level 1 of the Spider Nest
 30467 | Spider:1 | Noticed Messiah's ghost (adept DsWn)
 30630 | Spider:1 | Killed Messiah's ghost
 31431 | Spider:2 | Received a gift from Okawaru
 31434 | Spider:2 | Got a slimy morningstar {god gift}
 31435 | Spider:2 | Identified the +3 morningstar "Kemmaen" {crush, rC+ Dex+4 SInv} (Okawaru gifted it to you on level 2 of the Spider Nest)
 32222 | Spider:3 | Received a gift from Okawaru
 32343 | Spider:3 | Found a frozen archway.
 32369 | IceCv    | Entered an ice cave
 32901 | IceCv    | Noticed an Ice Fiend
 32935 | IceCv    | Killed an Ice Fiend
 33703 | Spider:4 | Entered Level 4 of the Spider Nest
 33986 | Spider:4 | Reached skill level 15 in Fighting
 34134 | Spider:4 | Reached skill level 18 in Maces & Flails
 34134 | Spider:4 | Reached XP level 20. HP: 129/129 MP: 4/20
 34398 | Spider:4 | Received a gift from Okawaru
 34401 | Spider:4 | Got a transparent scale mail {god gift}
 34412 | Spider:4 | Identified the +7 scale mail "Icootz" {rF+ MR+ rCorr SInv} (Okawaru gifted it to you on level 4 of the Spider Nest)
 34764 | Spider:4 | Got a gossamer rune of Zot
 35062 | D:15     | Entered Level 15 of the Dungeon
 35154 | D:14     | Reached skill level 10 in Stealth
 35452 | D:13     | Found a gate to the Vaults.
 36113 | D:15     | Found a staircase to the Depths.
 36721 | Vaults:1 | Entered Level 1 of the Vaults
 36755 | Vaults:1 | Reached skill level 1 in Invocations
 36755 | Vaults:1 | Reached skill level 1 in Evocations
 37348 | Vaults:1 | Received a gift from Okawaru
 37846 | Vaults:1 | Received a gift from Okawaru
 38178 | Vaults:2 | Found Gaushruh's Antique Armour Shoppe.
 38193 | Vaults:2 | Reached XP level 21. HP: 136/136 MP: 23/23
 38340 | Vaults:2 | Found Basmiuh's Distillery.
 38346 | Vaults:2 | Bought a potion of agility for 68 gold pieces
 38346 | Vaults:2 | Bought a potion of might for 68 gold pieces
 38346 | Vaults:2 | Bought a potion of heal wounds for 85 gold pieces
 38346 | Vaults:2 | Bought a potion of haste for 170 gold pieces
 38464 | Vaults:2 | Received a gift from Okawaru
 38571 | Vaults:2 | Noticed a Tzitzimitl
 38577 | Vaults:2 | Reached skill level 19 in Maces & Flails
 38819 | Vaults:2 | Reached skill level 5 in Invocations
 38966 | Vaults:2 | Noticed Xtahua
 39005 | Vaults:2 | Killed Xtahua
 39244 | Vaults:2 | Received a gift from Okawaru
 39271 | Vaults:2 | Reached skill level 5 in Evocations
 39544 | Vaults:2 | Found a staircase to the Crypt.
 40215 | Vaults:3 | Reached XP level 22. HP: 144/144 MP: 27/27
 40374 | Vaults:3 | Received a gift from Okawaru
 40829 | Vaults:3 | Received a gift from Okawaru
 40832 | Vaults:3 | Got a steaming morningstar {god gift}
 40834 | Vaults:3 | Identified the +6 morningstar "Hontaet" {freeze, rF+ Dex+4} (Okawaru gifted it to you on level 3 of the Vaults)
 41097 | Vaults:3 | Reached skill level 20 in Maces & Flails
 42072 | Vaults:4 | Received a gift from Okawaru
 42081 | Vaults:4 | Got a pair of slimy gloves {god gift}
 42092 | Vaults:4 | Identified the +1 pair of gloves of Supple Strength {rCorr} (Okawaru gifted it to you on level 4 of the Vaults)
 43504 | Slime:1  | Entered Level 1 of the Pits of Slime
 43566 | Lair:8   | Reached XP level 23. HP: 101/150 MP: 29/29
 44802 | Slime:6  | Entered Level 6 of the Pits of Slime
 45047 | Slime:6  | Received a gift from Okawaru
 45093 | Slime:6  | Gained mutation: You tend to lose your temper in combat. [a shining eye]
 45116 | Slime:6  | Gained mutation: Your body sometimes deteriorates upon taking damage. [a shining eye]
 45117 | Slime:6  | Noticed the Royal Jelly
 45377 | Slime:3  | Gained mutation: You are very dopey. (Int -4) [a shining eye]
 45878 | Slime:3  | Reached skill level 21 in Maces & Flails
 46145 | Slime:3  | Received a gift from Okawaru
 46499 | Slime:6  | Reached skill level 10 in Invocations
 46546 | Slime:6  | Killed the Royal Jelly
 47184 | Slime:6  | Reached skill level 10 in Dodging
 47324 | Slime:6  | Got a coiled bone ring
 47327 | Slime:6  | Got a slimy rune of Zot
 47371 | Slime:6  | Identified the Handbook of Nocuous Air
 47379 | Slime:6  | Identified the ring "Pirradas" {Ice MP+9} (You found it on level 6 of the Pits of Slime)
 47414 | Slime:6  | Got a scorched platinum ring
 47415 | Slime:6  | Identified the ring of the Firefly {MR+ Slay+3} (You found it on level 6 of the Pits of Slime)
 47880 | Crypt:1  | Entered Level 1 of the Crypt
 48230 | Crypt:1  | Reached XP level 24. HP: 157/157 MP: 30/30
 49020 | Crypt:2  | Received a gift from Okawaru
 49453 | Crypt:3  | Entered Level 3 of the Crypt
 49467 | Crypt:3  | Reached skill level 15 in Armour
 51609 | Vaults:5 | Entered Level 5 of the Vaults
 52106 | Vaults:5 | Got a heavily runed scale mail
 52117 | Vaults:5 | Identified the +2 scale mail of Light {Regen+ Slay+6} (You found it on level 5 of the Vaults)
 52129 | Vaults:5 | Identified the Disquisition on the Quantum Birds
 52301 | Vaults:5 | Noticed an ancient lich
 52311 | Vaults:5 | Killed an ancient lich
 52338 | Vaults:5 | Got a translucent iron ring
 52343 | Vaults:5 | Identified the ring of Incredulity {Wiz rC+ Dex+4 Stlth+} (You found it on level 5 of the Vaults)
 52388 | Vaults:5 | Reached skill level 22 in Maces & Flails
 52388 | Vaults:5 | Reached skill level 10 in Evocations
 52388 | Vaults:5 | Reached XP level 25. HP: 164/164 MP: 31/31
 52626 | Vaults:5 | Received a gift from Okawaru
 52697 | Vaults:5 | Got a smelly ring mail {god gift}
 52717 | Vaults:5 | Identified the +3 ring mail of Distant Shores {Dex+2} (Okawaru gifted it to you on level 5 of the Vaults)
 52745 | Vaults:5 | Got a silver rune of Zot
 52981 | Vaults:5 | Reached XP level 26. HP: 170/170 MP: 31/31
 53932 | Depths:1 | Entered Level 1 of the Depths
 54547 | Depths:1 | Found a gateway to Hell.
 54844 | Depths:1 | Received a gift from Okawaru
 54973 | Depths:2 | Found a one-way gate to the infinite horrors of the Abyss.
 56087 | Depths:3 | Noticed a juggernaut
 56113 | Depths:3 | Killed a juggernaut
 56113 | Depths:3 | Reached skill level 23 in Maces & Flails
 56199 | Depths:3 | Received a gift from Okawaru
 56264 | Depths:3 | Reached XP level 27. HP: 130/177 MP: 28/32
 56334 | Depths:3 | Got a steaming tin ring
 56335 | Depths:3 | Identified the ring of Xom's Outrage {rElec rC- MP+9 Int+2} (You found it on level 3 of the Depths)
 56709 | Depths:3 | Received a gift from Okawaru
 57577 | Depths:3 | Found a one-way gate leading to the halls of Pandemonium.
 58220 | Depths:4 | Noticed an iron giant
 58231 | Depths:4 | Received a gift from Okawaru
 58286 | Depths:4 | Killed an iron giant
 58328 | Depths:4 | Noticed a juggernaut
 58348 | Depths:4 | Killed a juggernaut
 58403 | Depths:4 | Reached skill level 24 in Maces & Flails
 58462 | Depths:4 | Noticed a juggernaut
 58509 | Depths:4 | Killed a juggernaut
 58567 | Depths:4 | Got a transparent zirconium amulet
 58608 | Depths:4 | Received a gift from Okawaru
 59320 | Depths:4 | Noticed a juggernaut
 59365 | Depths:4 | Killed a juggernaut
 59394 | Depths:4 | Noticed Boris
 59409 | Depths:4 | Killed Boris
 59409 | Depths:4 | Received a gift from Okawaru
 59723 | Depths:5 | Entered Level 5 of the Depths
 59850 | Depths:5 | Identified the amulet "Viguolun" {Dismiss +Inv Int-4 Dex+5} (You took it off a yaktaur captain on level 4 of the Depths)
 59853 | Depths:5 | Got a pair of faintly glowing gloves
 59854 | Depths:5 | Identified the +2 pair of gloves of Fortification {Dex+4} (You found it on level 5 of the Depths)
 60007 | Depths:5 | Got a smoking lead ring
 60032 | Depths:5 | Identified the ring of Foistyi {Wiz MP+9 Int+2} (You found it on level 5 of the Depths)
 60140 | Depths:5 | Found a gateway to a ziggurat.
 60478 | Depths:5 | Found a gate to the Realm of Zot.
 60864 | Orc:2    | Bought the +27 Lear's hauberk for 1951 gold pieces
 61080 | Elf:3    | Got a pair of translucent boots
 61091 | Elf:3    | Identified the +0 pair of boots "Dojithrun" {+Blink rC+ rN+ Int-3} (You found it on level 3 of the Elven Halls)
 61518 | Zot:1    | Entered Level 1 of the Realm of Zot
 61625 | Zot:1    | Reached skill level 15 in Invocations
 61748 | Zot:1    | Received a gift from Okawaru
 62106 | Zot:1    | Reached skill level 25 in Maces & Flails
 62811 | Zot:3    | Received a gift from Okawaru
 63686 | Zot:5    | Entered Level 5 of the Realm of Zot
 63811 | Zot:5    | Received a gift from Okawaru
 63983 | Zot:5    | Noticed an orb of fire
 64025 | Zot:5    | Killed an orb of fire
 64068 | Zot:5    | Noticed an ancient lich
 64081 | Zot:5    | Killed an ancient lich
 64126 | Zot:5    | Noticed an orb of fire
 64136 | Zot:5    | Noticed an ancient lich
 64151 | Zot:5    | Killed an ancient lich
 64205 | Zot:5    | Noticed an orb of fire
 64216 | Zot:5    | Gained mutation: You regenerate slowly when monsters are visible. [an orb of fire]
 64237 | Zot:5    | Killed an orb of fire
 64244 | Zot:5    | Noticed an orb of fire
 64254 | Zot:5    | Lost mutation: You regenerate slowly when monsters are visible. [an orb of fire]
 64280 | Zot:5    | Noticed an orb of fire
 64302 | Zot:5    | Killed an orb of fire
 64378 | Zot:5    | Noticed an orb of fire
 64392 | Zot:5    | Gained mutation: Armour fits poorly on your strangely shaped body. [an orb of fire]
 64400 | Zot:5    | Noticed an orb of fire
 64406 | Zot:5    | Killed an orb of fire
 64435 | Zot:5    | Noticed an orb of fire
 64438 | Zot:5    | Gained mutation: Scrolls take you a little longer to read. [an orb of fire]
 64451 | Zot:5    | Gained mutation: You are weak. (Str -2) [an orb of fire]
 64471 | Zot:5    | Killed an orb of fire
 64661 | Zot:5    | Reached skill level 26 in Maces & Flails
 64809 | Zot:5    | Noticed an orb of fire
 64958 | Zot:5    | Got the Orb of Zot
 65051 | Zot:4    | Noticed Qupig the pandemonium lord
 65088 | Zot:3    | Noticed Zateafa the pandemonium lord
 65132 | Zot:1    | Noticed Nuthothru the pandemonium lord
 65519 | D:7      | Noticed Etumum the pandemonium lord
 65535 | D:6      | Noticed Blork the orc
 65544 | D:6      | Killed Blork the orc
 65692 | D:1      | Received a gift from Okawaru
 65774 | D:$      | Escaped with the Orb!

Vault maps used:
D:1:      arrival_zaba_pyramid, minivault_24
D:2:      grunt_temple_overflow_order_and_chaos_2,
          lemuel_coloured_pillars_altar, ecumenical_altar_2, st_stairs_8
D:3:      first_bread, hangedman_decor_peaks_small, cheibriados_altar_wand_db,
          uniq_grinder
D:4:      minmay_bad_closet, kennysheep_generic_room_7
D:5:      nicolae_overflow_crystal_walls, kennysheep_little_box, basic_altar,
          johnstein_pakellas_shop, uniq_menkaure
D:6:      old_standard_altar, okawaru_ov_weapons_minmay, uniq_blork_the_orc
D:7:      grunt_ogre_cave, uniq_crazy_yiuf_cottage
D:8:      serial_shops, nicolae_shop_waterfront, minmay_item_behind_shaft,
          minmay_misc_feat_ornament
D:9:      forest_paths, uniq_pikel
D:10:     lair_0_dummy, lemuel_flamethrower_1, uniq_nergalle, uniq_psyche
D:11:     kennysheep_orc_monster_closet_entryway, trove_entry_hex_spiral,
          dk_noncrumbling_4, minmay_stone_trees_small, minivault_23
D:13:     erik_vaults_2, serial_shops, nicolae_shop_crystal, minmay_statues_item
D:14:     moated_statue, grunt_qazlal_sundering
D:15:     gammafunk_enter_depths_forms, corexii_corridor_pit, billiards_dpeg
Temple:   nicolae_temple_no_exploring_needed
Lair:1:   lemuel_fruit_fields
Lair:2:   basic_altar
Lair:3:   swamp_mist, minivault_29
Lair:4:   dummy_spider_entry, lab_entry_generic, st_stairs_13,
          serial_bayou_shore_b
Lair:5:   lemuel_fruit_fields
Lair:6:   bobbens_ice_dragon_lair, grunt_megastairs_4
Lair:8:   due_jungle_book, slime_altar_2, minivault_24, minivault_27
Swamp:1:  evilmike_swamp_ruin_rubble_2, swamp_pool1, infiniplex_staircase_pool_2
Swamp:2:  serial_swamp_ruin, evilmike_swamp_ruin_wall,
          evilmike_swamp_ruin_house_4, evilmike_swamp_ruin_house_1, swamp_pool4,
          nicolae_swamp_godswood, nicolae_swamp_necromancer_hut, uniq_jorgrun
Swamp:3:  nicolae_swamp_rocky_clearing
Swamp:4:  swamp_basic_johnstein
Spider:1: guppyfry_spider_mini_2
Spider:2: spiders_nest_spider_trap
Spider:3: nicolae_spider_mines_3, portal_ice_cave_entry_imps
Spider:4: grunt_spider_rune_island
Orc:2:    st_orc_open, basic_altar, nicolae_for_you_no_charge
Elf:1:    minmay_elf_arrival_circle, basic_altar, evilmike_minifort,
          minivault_27, uniq_nikola
Elf:2:    uniq_donald
Elf:3:    elf_hall_gauntlet_wide
Vaults:1: nicolae_vaults_rhombus_7, vaults_mumra_chevron_long,
          vaults_room_semicircle, nicolae_vaults_three_branches,
          nicolae_vaults_yaktaur_gun_rack, v_misc_28, v_misc_26,
          nicolae_vaults_twisting_passages, v_misc_3, v_misc_25,
          ontoclasm_vaults_twist, vaults_dpeg_diagonal
Vaults:2: st_greater_box_2, grunt_vaults_diagonal,
          minmay_crypt_entry_simple_sparse, vaults_room_corners, v_misc_5,
          vaults_standard_mumra_lines, nicolae_vaults_circle_grid_b,
          vaults_standard_mumra_x, ontoclasm_vaults_spin, v_misc_25,
          vaults_mumra_hexcomb, ontoclasm_vaults_gateway, serial_shops,
          nicolae_shop_statue_plus, shop, uniq_xtahua
Vaults:3: nicolae_vaults_c_with_doors, ontoclasm_vaults_shuriken,
          vaults_room_grid, v_misc_10, ontoclasm_vaults_fault,
          nicolae_vaults_little_squares_4, nicolae_vaults_sealed_display,
          vaults_room_ringed_pool, grunt_vaults_trifunnel,
          grunt_vaults_hallway_short, nicolae_vaults_little_ls, v_misc_22,
          dpeg_vaults_monster_box, vaults_room_hallway
Vaults:4: hangedman_vaults_unwind, ontoclasm_vaults_chip,
          nicolae_vaults_little_squares_6, nicolae_vaults_little_squares_1,
          v_misc_31, hangedman_vaults_pinch, grunt_vaults_focal,
          vaults_room_corners, serial_hangedman_research
Crypt:1:  corner_web_ring, grunt_megastairs_1, grunt_crypt_arrival_webbed
Crypt:2:  corexii_hall_statues_t
Crypt:3:  lightli_unholy_cathedral,
          nicolae_tomb_entry_unfolded_pyramid_diagonal, minmay_strange_pillars
Depths:1: hangedman_decor_push, serial_sigils, serial_sigils_hangedman_writhe,
          serial_sigils_hangedman_gnaw, serial_sigils_hangedman_leer,
          serial_sigils_hangedman_shear, serial_sigils_hangedman_snap,
          serial_sigils_hangedman_snap, hell_entry, dk_noncrumbling_3,
          hangedman_decor_riveting, bh_walls_and_bars
Depths:2: minmay_spriggan_fort, minmay_room_of_horrors,
          kennysheep_decorative_pillar, grunt_hell_entry_dis_mu,
          infiniplex_staircase_zigzag_2
Depths:3: hangedman_box_tower, rand_demon_pan_entry_1, hell_entry,
          grunt_decor_arrowhead
Depths:4: angbandy_vault, abyss_entry, minmay_misc_feat_five, hell_entry,
          kennysheep_small_circle, minmay_staircase_bubble, uniq_boris
Depths:5: grunt_zot_entry_tricorne, enter_ziggurat_b, pf_hell_entry_great_geh,
          rand_demon_pan_entry_4
Zot:1:    st_stairs_10, hangedman_zot_spectrum
Zot:2:    circus_mu, basic_stair_grate_trap
Zot:4:    zot_minivault_1
Lab:      nicolae_lab_dead_adventurers, lab_hedge, nicolae_lab_blocks,
          nicolae_lab_plus
IceCv:    ice_cave_caverns_03

Skill      XL: |  1  2  3  4  5  6  7  8  9 10 11 12 13 14 15 16 17 18 19 20 21 22 23 24 25 26 27 |
---------------+----------------------------------------------------------------------------------+-----
Dodging        | 1 2 4 6 7 8 9 10 11 14 | 14.5
Fighting       | 4 5 6 7 8 9 10 11 12 13 14 15 16 17 18 19 22 | 22.0
Maces & Flails | 3 4 5 7 8 10 11 12 13 14 15 16 17 18 19 20 21 22 23 26 | 26.2
Armour         | 4 5 6 7 8 9 10 11 12 13 14 15 17 | 17.7
Shields        | 4 5 7 9 11 12 13 14 16 17 18 19 20 21 22 | 22.0
Stealth        | 1 2 6 9 10 | 10.5
Invocations    | 3 7 8 10 11 13 16 | 16.5
Evocations     | 3 5 7 8 10 11 14 | 14.3
Throwing       | |  0.3

Action                   |  1- 3 |  4- 6 |  7- 9 | 10-12 | 13-15 | 16-18 | 19-21 | 22-24 | 25-27 || total
-------------------------+-------+-------+-------+-------+-------+-------+-------+-------+-------++-------
Melee: Flail             |   146 |   109 |   580 |   240 |   523 |  1908 |  3213 |  3091 |  4780 || 14590
       Morningstar       |       |       |       |   799 |  1479 |       |     1 |       |       ||  2279
Throw: Javelin           |       |       |       |     5 |       |       |       |       |       ||     5
Invok: Heroism           |       |       |       |       |       |     4 |     4 |     8 |    16 ||    32
       Finesse           |       |       |       |       |       |       |     4 |     5 |    14 ||    23
 Abil: Fly               |       |       |       |       |     2 |     4 |       |       |     1 ||     7
       Stop Flying       |       |       |       |       |     1 |     3 |       |     1 |     1 ||     6
Evoke: Wand              |       |       |       |     2 |       |       |       |     5 |     5 ||    12
  Use: Potion            |       |     1 |       |     1 |     7 |     6 |     1 |     9 |     6 ||    31
       Scroll            |       |       |     4 |     1 |    30 |     2 |    19 |    15 |    14 ||    85
 Stab: Distracted        |       |       |       |       |       |       |       |       |     2 ||     2
  Eat: Chunk             |     1 |     2 |    11 |    22 |    24 |    10 |     9 |     6 |       ||    85
       Bread ration      |       |       |     1 |       |     5 |     3 |     7 |     2 |     6 ||    24
       Pizza             |       |       |       |       |     4 |     4 |       |     1 |       ||     9
       Fruit             |       |       |       |       |       |       |     3 |     6 |     8 ||    17
       Meat ration       |       |       |       |       |       |       |     1 |       |     5 ||     6
       Beef jerky        |       |       |       |       |       |       |       |    20 |       ||    20
